 Dungeon Crawl Stone Soup version 0.30-b1-2-g02819fbbbe (webtiles) character file.

Game seed: 3454553588522919409

4131 maniek23 the Vexing (level 10, -6/62 (68) HPs)
             Began as a Gnoll Hexslinger on July 26, 2023.
             Was a Believer of Hepliaklqana.
             Mangled by an orc warrior
             ... wielding a +0 battleaxe
              (11 damage)
             ... in a bailey.
             The game lasted 00:47:17 (7230 turns).

maniek23 the Vexing (Gnoll Hexslinger)              Turns: 7230, Time: 00:47:19

HP:   -6/62 (68)    AC:  6    Str: 12 (13) XL:     10   Next: 27%
MP:   17/19         EV: 14    Int: 17      God:    Hepliaklqana [**....]
Gold: 461           SH:  5    Dex: 15      Spells: 12/21 levels left

rFire   . . .        b - +4 scimitar
rCold   . . .        J - +0 buckler
rNeg    . . .        N - +0 troll leather armour
rPois   .            (no helmet)
rElec   .            (no cloak)
rCorr   .            v - +0 pair of gloves
SInv    .            (no boots)
Will    .....        M - amulet of faith
Stlth   +++          d - +6 ring of dexterity
HPRegen 1.10/turn    x - +4 ring of slaying
MPRegen 0.16/turn

%: faith
@: hasted and slowed, drained
A: reduced essence, fangs 2, strong nose, distributed training, clumsy 1,
deterioration 1, strong 1
a: Renounce Religion, Recall Ancestor, Ancestor Identity


You were in a bailey.
You worshipped Hepliaklqana.
Hepliaklqana was pleased with you.
You visited 2 branches of the dungeon, and saw 10 of its levels.
You also visited: Bailey.

You collected 761 gold pieces.
You spent 300 gold pieces at shops.

Inventory:

Hand Weapons
 a - a +1 sling
 b - a +4 scimitar (weapon)
 C - a +0 falchion
 G - a +2 dagger of venom
Armour
 c - a +0 robe
 v - a +0 pair of gloves (worn)
 A - the +6 scale mail of Gozag's Anger {Int+6}
   (You found it on level 4 of the Dungeon)

   Int:       It affects your intelligence (+6).
 J - a +0 buckler (worn)
 N - a +0 troll leather armour (worn)
Jewellery
 d - a +6 ring of dexterity (left hand)
 x - a +4 ring of slaying (right hand)
 y - an amulet of guardian spirit
 K - a +4 ring of protection
 M - an amulet of faith (around neck)
 P - a ring of fire
Wands
 E - a wand of paralysis (13)
Scrolls
 e - 2 scrolls of fog
 f - 2 scrolls of identify
 g - 3 scrolls of immolation
 i - a scroll of magic mapping {unknown}
 k - a scroll of acquirement {unknown}
 l - 2 scrolls of vulnerability {unknown}
 m - a scroll of enchant weapon {unknown}
 n - 5 scrolls of teleportation
 w - a scroll of amnesia {unknown}
 z - 2 scrolls of poison
 D - 2 scrolls of silence {unknown}
 L - 3 scrolls of enchant armour {unknown}
 O - a scroll of blinking {unknown}
Potions
 j - a potion of berserk rage {unknown}
 o - 2 potions of attraction {unknown}
 p - 3 potions of brilliance
 q - 2 potions of magic {unknown}
 r - a potion of mutation
 s - 2 potions of lignification {unknown}
 t - 4 potions of curing
 u - a potion of invisibility {unknown}
 B - 2 potions of ambrosia {unknown}
 H - a potion of might {unknown}
 I - 2 potions of flight {unknown}


   Skills:
 + Level 6.0 Fighting
 + Level 5.3 Short Blades
 + Level 5.3 Long Blades
 + Level 5.3 Axes
 + Level 5.3 Maces & Flails
 + Level 5.3 Polearms
 + Level 5.3 Staves
 + Level 7.1 Ranged Weapons
 + Level 5.3 Throwing
 + Level 5.3 Armour
 + Level 7.1 Dodging
 + Level 5.3 Stealth
 + Level 5.3 Shields
 + Level 5.3 Unarmed Combat
 + Level 6.1 Spellcasting
 + Level 4.4 Conjurations
 + Level 7.1 Hexes
 + Level 4.4 Summonings
 + Level 4.4 Necromancy
 + Level 4.4 Translocations
 + Level 4.4 Transmutations
 + Level 4.4 Fire Magic
 + Level 4.4 Ice Magic
 + Level 4.4 Air Magic
 + Level 4.4 Earth Magic
 + Level 4.4 Poison Magic
 + Level 5.8 Invocations
 + Level 5.3 Evocations


You had 12 spell levels left.
You knew the following spells:

 Your Spells              Type           Power      Damage    Failure   Level
a - Slow                  Hex            100%       N/A       1%          1
b - Cigotuvi's Dreadful   Necr/Pois/Air  40%        N/A       5%          2
c - Dazzling Flash        Conj/Hex       48%        N/A       6%          3
d - Portal Projectile     Hex/Tloc       48%        N/A       6%          3

Your spell library contained the following spells:

 Spells                   Type           Power      Damage    Failure   Level
 Inner Flame              Hex/Fire       24%        N/A       6%          3
 Volatile Blastmotes      Fire/Tloc      40%        2d13      11%         3
 Cause Fear               Hex            14%        N/A       12%         4
 Dispel Undead            Necr           20%        3d11      34%         4
 Flame Wave               Conj/Fire      20%        2d7       34%         4
 Iskenderun's Mystic Bla  Conj/Tloc      20%        2d6       34%         4
 Sticky Flame             Conj/Fire      20%        2d4       34%         4
 Death Channel            Necr           10%        N/A       99%         6
 Starburst                Conj/Fire      10%        6d5       99%         6


Dungeon Overview and Level Annotations

Branches:
Dungeon (9/15)             Temple (1/1) D:5          Bailey (1/1)
   Lair: D:8-11         Orc: D:9-12

Altars:
Cheibriados
Dithmenos
Elyvilon
Fedhas
Hepliaklqana
Kikubaaqudgha
Makhleb
Nemelex Xobeh
Okawaru
Qazlal
Ru
Sif Muna
Trog
Uskayaw
Vehumet
Wu Jian
Xom
Yredelemnul
Zin
The Shining One

Shops:
D:5 ?=!

Annotations:
D:4 Blork the orc


Innate Abilities, Weirdness & Mutations

Your life essence is reduced to manifest your ancestor. (-10% HP)
You have extremely sharp teeth.
Your uncanny sense of smell can sniff out nearby items.
Your experience applies equally to all skills.
You are clumsy. (Dex -2)
Your body sometimes deteriorates upon taking damage.
Your muscles are strong. (Str +4, Int/Dex -1)


Message History

Your body deteriorates!
You feel weakened.
The orc warrior barely misses Nammahani.
You feel better.
Nammahani barely misses the orc warrior.
The orc warrior completely misses Nammahani.
The orc warrior closely misses you.
Nammahani blocks the orc warrior's attack.
The orc warrior hits you with a +0 broad axe.
* * * LOW HITPOINT WARNING * * *
Nammahani blocks the kobold brigand's attack.
The orc warrior misses you.
You feel yourself speed up.
The orc warrior is no longer blind. x2
The orc warrior closely misses Nammahani.
The orc warrior misses you.
The orc warrior barely misses Nammahani.
The kobold brigand hits Nammahani but does no damage.
The orc warrior closely misses you. The orc warrior misses you.
Nammahani hits the orc warrior with a +0 flail!
The orc warrior hits you with a +0 broad axe!
* * * LOW HITPOINT WARNING * * *
The orc warrior closely misses you.
Nammahani blocks the kobold brigand's attack.
The orc warrior barely misses Nammahani.
The orc warrior completely misses you.
Nammahani blocks the orc warrior's attack.
You feel better.
Nammahani misses the orc warrior.
The orc warrior barely misses Nammahani.
You block the orc warrior's attack.
The orc warrior hits Nammahani with a +0 battleaxe.
The orc warrior barely misses you.
The kobold brigand barely misses Nammahani.
The orc warrior hits you with a +0 war axe!
* * * LOW HITPOINT WARNING * * *
As you read the scroll of fear, it crumbles to dust.
You assume a fearsome visage.
The orc warrior looks frightened!
The kobold brigand looks frightened!
The orc warrior looks frightened! x3
The orc warrior is no longer blind.
Nammahani blocks the orc warrior's attack.
The orc warrior hits you with a +0 battleaxe!
You die...

.............
...........
......... ...o...
...K. )R. ###o###
##.o@o.## #...8...#
#∩(....∩# ##.....##
####'''####
##~.......~##
#####~~.......~~###
#.).)~).......~~...
#.###~~.......~~###


You could see the friendly Nammahani the knight, 4 orc warriors and a kobold
brigand (fleeing).

Vanquished Creatures
  Grinder (D:4)
  Menkaure (D:6)
  A water moccasin (D:6)
  An ice beast (D:6)
  2 orc warriors (Bailey)
  2 ogres
  A centaur (D:5)
  2 phantoms
  2 bullfrogs (D:7)
  2 kobold brigands
  2 scorpions
  A gnoll sergeant (D:7)
  4 wights (D:6)
  2 howler monkeys
  2 hounds
  A gnoll bouda (D:8)
  4 orc priests
  2 jellies
  5 iguanas
  5 orc wizards
  11 gnolls
  9 adders
  A shadow imp (D:6)
  An ufetubus (D:6)
  6 worms (D:2)
  2 dart slugs
  20 orcs
  6 bats
  7 endoplasms
  3 giant cockroaches
  8 hobgoblins
  17 jackals
  3 quokkas
  3 ball pythons (D:2)
  6 frilled lizards
  8 goblins
  14 kobolds
  5 rats
173 creatures vanquished.

Vanquished Creatures (collateral kills)
  A troll (D:8)
  A wyvern (D:9)
  3 steam dragons
  3 kobold brigands (Bailey)
  5 wights (D:8)
  An orc priest (D:8)
  An orc wizard (D:9)
  5 gnolls
  3 orcs
23 creatures vanquished.

Vanquished Creatures (others)
  The ghost of NimIero the Gusty, an amateur TeAE (D:5)
  An ancestor (D:7)
2 creatures vanquished.

Grand Total: 198 creatures vanquished

Notes
Turn   | Place    | Note
-------+----------+-------------------------------------------
     0 | D:1      | maniek23 the Gnoll Hexslinger began the quest for the Orb.
     0 | D:1      | Reached XP level 1. HP: 17/17 MP: 4/4
   131 | D:1      | Reached XP level 2. HP: 23/23 MP: 5/5
   826 | D:2      | Reached XP level 3. HP: 28/28 MP: 7/7
  1016 | D:2      | Reached skill level 1 in Invocations
  1037 | D:2      | Reached skill level 1 in Short Blades
  1037 | D:2      | Reached skill level 1 in Long Blades
  1037 | D:2      | Reached skill level 1 in Axes
  1037 | D:2      | Reached skill level 1 in Maces & Flails
  1037 | D:2      | Reached skill level 1 in Polearms
  1037 | D:2      | Reached skill level 1 in Staves
  1037 | D:2      | Reached skill level 1 in Throwing
  1037 | D:2      | Reached skill level 1 in Armour
  1037 | D:2      | Reached skill level 1 in Stealth
  1037 | D:2      | Reached skill level 1 in Shields
  1037 | D:2      | Reached skill level 1 in Unarmed Combat
  1037 | D:2      | Reached skill level 1 in Evocations
  1106 | D:2      | Reached XP level 4. HP: 29/34 MP: 8/8
  1260 | D:2      | Reached skill level 1 in Conjurations
  1260 | D:2      | Reached skill level 1 in Summonings
  1260 | D:2      | Reached skill level 1 in Necromancy
  1260 | D:2      | Reached skill level 1 in Translocations
  1260 | D:2      | Reached skill level 1 in Transmutations
  1260 | D:2      | Reached skill level 1 in Fire Magic
  1260 | D:2      | Reached skill level 1 in Ice Magic
  1260 | D:2      | Reached skill level 1 in Air Magic
  1260 | D:2      | Reached skill level 1 in Earth Magic
  1260 | D:2      | Reached skill level 1 in Poison Magic
  1852 | D:2      | Reached XP level 5. HP: 33/40 MP: 9/9
  2091 | D:3      | You fall into a shaft and drop 2 floors!
  2091 | D:5      | Entered Level 5 of the Dungeon
  2111 | D:4      | Noticed Blork the orc
  2137 | D:5      | Noticed a centaur
  2153 | D:4      | Found Zin's Purification Station.
  2153 | D:4      | Found a glowing silver altar of Zin.
  2172 | D:4      | Bought a potion of curing for 90 gold pieces
  2410 | D:3      | Reached XP level 6. HP: 9/47 MP: 9/11
  2930 | D:3      | Reached skill level 5 in Ranged Weapons
  2930 | D:3      | Reached skill level 5 in Dodging
  3078 | D:4      | Identified the +6 scale mail of Gozag's Anger {Int+6}
  3220 | D:4      | Found a blossoming altar of Fedhas.
  3547 | D:4      | Reached XP level 7. HP: 40/52 MP: 12/12
  3664 | D:4      | Noticed Grinder
  3685 | D:4      | Killed Grinder
  3851 | D:5      | Found Ojige's Jewellery Shoppe.
  3916 | D:5      | Reached XP level 8. HP: 60/60 MP: 14/14
  4077 | D:5      | Learned a level 2 spell: Cigotuvi's Dreadful Rot
  4081 | D:5      | Learned a level 3 spell: Dazzling Flash
  4125 | D:5      | Found a runed translucent door.
  4134 | D:5      | Noticed NimIero's ghost (amateur TeAE)
  4162 | D:5      | Found a staircase to the Ecumenical Temple.
  4164 | D:5      | Found Zeom's Distillery.
  4173 | Temple   | Entered the Ecumenical Temple
  4180 | Temple   | Became a worshipper of Hepliaklqana the Forgotten
  4205 | D:5      | Bought a potion of haste for 150 gold pieces
  4241 | D:5      | Killed NimIero's ghost
  4511 | D:5      | Found Asmucodo's Magic Scroll Boutique.
  4514 | D:5      | Bought a scroll of fear for 60 gold pieces
  4516 | D:5      | Gained mutation: Your spells are a little easier to cast,
                  | but a little less powerful. [potion of mutation]
  4579 | D:5      | Lost mutation: Your spells are a little easier to cast, but
                  | a little less powerful. [potion of mutation]
  4579 | D:5      | Gained mutation: You sometimes lose your temper in combat.
                  | [potion of mutation]
  4579 | D:5      | Gained mutation: You are clumsy. (Dex -2) [potion of
                  | mutation]
  4579 | D:5      | Gained mutation: You are very clumsy. (Dex -4) [potion of
                  | mutation]
  4579 | D:5      | Gained mutation: You have extremely sharp teeth. [potion of
                  | mutation]
  4581 | D:5      | Lost mutation: You sometimes lose your temper in combat.
                  | [potion of mutation]
  4581 | D:5      | Lost mutation: You are very clumsy. (Dex -4) [potion of
                  | mutation]
  4581 | D:5      | Gained mutation: Your body sometimes deteriorates upon
                  | taking damage. [potion of mutation]
  4581 | D:5      | Gained mutation: Your muscles are strong. (Str +4, Int/Dex
                  | -1) [potion of mutation]
  4814 | D:6      | Reached XP level 9. HP: 57/65 MP: 13/16
  4936 | D:6      | Reached skill level 5 in Spellcasting
  5017 | D:6      | Noticed Menkaure
  5258 | D:6      | Reached * piety under Hepliaklqana
  5463 | D:6      | Killed Menkaure
  5536 | D:6      | Reached skill level 5 in Fighting
  5559 | D:7      | Found a bloodstained altar of Trog.
  6045 | D:7      | Reached skill level 5 in Invocations
  6172 | D:7      | Found a shadowy altar of Dithmenos.
  6248 | D:7      | Reached ** piety under Hepliaklqana
  6249 | D:7      | Remembered your ancestor Nammahani as a knight
  6303 | D:8      | Noticed a troll
  6314 | D:8      | Killed a troll
  6414 | D:8      | Found a shimmering blue altar of Sif Muna.
  6427 | D:8      | Learned a level 3 spell: Portal Projectile
  6802 | D:8      | Reached skill level 5 in Short Blades
  6802 | D:8      | Reached skill level 5 in Long Blades
  6802 | D:8      | Reached skill level 5 in Axes
  6802 | D:8      | Reached skill level 5 in Maces & Flails
  6802 | D:8      | Reached skill level 5 in Polearms
  6802 | D:8      | Reached skill level 5 in Staves
  6802 | D:8      | Reached skill level 5 in Throwing
  6802 | D:8      | Reached skill level 5 in Armour
  6802 | D:8      | Reached skill level 5 in Stealth
  6802 | D:8      | Reached skill level 5 in Shields
  6802 | D:8      | Reached skill level 5 in Unarmed Combat
  6802 | D:8      | Reached skill level 5 in Evocations
  6802 | D:8      | Reached XP level 10. HP: 68/68 MP: 14/18
  7044 | D:9      | Found a flagged portal.
  7067 | Bailey   | Entered a bailey
  7230 | Bailey   | Mangled by an orc warrior

Illustrated notes

Levels and vault maps discovered:
D:1:      zelgadis_glass_arrival_small, layout_basic, st_stairs_1,
          solitary_fountain
D:2:      minmay_thinvault, layout_basic
D:3:      layout_rooms
D:4:      layout_cave_pools, zin_purify, fedhas_ov_isle_minmay,
          minmay_door_square, chequers_serial_rivers_marsh, uniq_blork_the_orc,
          uniq_grinder
D:5:      layout_rooms, minmay_temple_entry_statues_pillars, serial_shops,
          nicolae_shop_statue_plus, nicolae_shop_behind_doors,
          nicolae_shop_tiny_real_fake_doors, ebering_ghost_sewer_d
D:6:      layout_cave_pools, kennysheep_decorative_pillar, uniq_menkaure
D:7:      layout_cave_pools, kennysheep_mini_moat, lemuel_crystal_altar,
          serial_glass, glass_columns_c, glass_columns_a, grunt_ministairs_13,
          st_stairs_5
D:8:      layout_gridville, amcnicky_altar_gilded, nicolae_eternal_life,
          minmay_misc_feat_iff
D:9:      layout_loops_ring, enter_bailey_6
Temple:   hellmonk_temple_two_chambers
Bailey:   bailey_axe_3, bailey

Skill      XL: |  1  2  3  4  5  6  7  8  9 10 |
---------------+-------------------------------+-----
Invocations    | 1 2 3 4 5 |  5.8
Short Blades   | 1 2 3 5 |  5.3
Long Blades    | 1 2 3 5 |  5.3
Axes           | 1 2 3 5 |  5.3
Maces & Flails | 1 2 3 5 |  5.3
Polearms       | 1 2 3 5 |  5.3
Staves         | 1 2 3 5 |  5.3
Throwing       | 1 2 3 5 |  5.3
Armour         | 1 2 3 5 |  5.3
Stealth        | 1 2 3 5 |  5.3
Shields        | 1 2 3 5 |  5.3
Unarmed Combat | 1 2 3 5 |  5.3
Evocations     | 1 2 3 5 |  5.3
Spellcasting   | 3 4 5 6 |  6.1
Conjurations   | 1 2 3 4 |  4.4
Summonings     | 1 2 3 4 |  4.4
Necromancy     | 1 2 3 4 |  4.4
Translocations | 1 2 3 4 |  4.4
Transmutations | 1 2 3 4 |  4.4
Fire Magic     | 1 2 3 4 |  4.4
Ice Magic      | 1 2 3 4 |  4.4
Air Magic      | 1 2 3 4 |  4.4
Earth Magic    | 1 2 3 4 |  4.4
Poison Magic   | 1 2 3 4 |  4.4
Fighting       | 3 4 5 6 |  6.0
Ranged Weapons | 5 6 7 |  7.1
Dodging        | 5 6 7 |  7.1
Hexes          | 6 7 |  7.1

Action                     |  1- 3 |  4- 6 |  7- 9 | 10-12 || total
---------------------------+-------+-------+-------+-------++-------
  Melee: Dagger            |       |     3 |    72 |       ||    75
         Bite              |       |       |    10 |       ||    10
         Punch             |       |       |     4 |       ||     4
         Scimitar          |       |       |    12 |     2 ||    14
   Fire: Sling             |   122 |   248 |   258 |    79 ||   707
   Cast: Slow              |       |     9 |    29 |     3 ||    41
         Dazzling Flash    |       |       |     1 |     1 ||     2
         Cigotuvi's Dreadf |       |       |       |     2 ||     2
 Invoke: Ancestor Life: Kn |       |       |     1 |       ||     1
    Use: Scroll            |       |     1 |     4 |     1 ||     6
         Potion            |       |       |     3 |     3 ||     6
   Stab: Invisible         |       |       |       |     1 ||     1
 Armour: Robe              |     8 |    13 |     2 |       ||    23
         Scale mail        |       |    14 |    42 |       ||    56
         Troll leather arm |       |       |       |     1 ||     1
  Dodge: Dodged            |    48 |   109 |    89 |    21 ||   267
  Block: Buckler           |       |       |     4 |     9 ||    13
